Map: Arctic Dream LE

Players

Mongo

  • Race: Zerg Zerg
  • Spawn Location: 12:00

Joegurr

  • Race: Terran Terran
  • Spawn Location: 11:00

Faust - Winner!

  • Race: Zerg Zerg
  • League: Diamond
  • Spawn Location: 5:00

Throwfordays - Winner!

  • Race: Protoss Protoss
  • League: Silver
  • Spawn Location: 6:00

VOD

Have the link to the VOD?

Description

Time

  • Played on: July 22, 2020, 12:36 a.m.
  • Length: 13:10
Show
View Real Time Build Order
Export as new Build Order

Mongo Zerg 

Build Orders: Hatch First 

Get SALT Encoding   

  12  0:01  Drone  
  13  0:13  Overlord  
  13  0:20  Drone  
  14  0:33  Drone  
  14  0:34  Drone  
  16  0:39  Drone  
  18  0:50  Drone  
  18  1:05  Hatchery  
  18  1:10  Drone x2  
  19  1:26  Extractor  
  19  1:27  Spawning Pool  
  17  1:43  Drone x3  
  20  1:55  Drone  
  21  2:04  Overlord  
  21  2:20  Zergling x4  
  21  2:21  Queen x2  
  27  2:28  Metabolic Boost  
  27  2:31  Drone  
  27  2:32  Drone  
  29  2:37  Drone  
  30  2:49  Drone  
  30  2:50  Drone x2  
  33  3:04  Zergling x2, Spine Crawler  
  33  3:05  Zergling x2  
  34  3:10  Zergling x2  
  34  3:11  Zergling x2  
  35  3:23  Zergling x2  
  36  3:34  Spine Crawler, Overlord x2  
  35  3:43  Lair, Queen  
  35  3:44  Roach Warren  
  36  4:02  Zergling x2  
  37  4:03  Zergling x10  
  42  4:13  Spine Crawler  
  42  4:15  Zergling x2  
  42  4:16  Zergling x2  
  43  4:18  Zergling x2  
  43  4:19  Queen  
  44  4:32  Zergling x2  
  39  4:47  Zergling x12  
  44  5:06  Drone x2  
  44  5:07  Drone  
  37  5:34  Drone x9  
  43  5:39  Glial Reconstitution  
  43  5:43  Evolution Chamber  
  43  5:46  Extractor  
  41  5:55  Drone  
  41  5:56  Drone x3  
  44  6:07  Roach x3  
  50  6:22  Roach  
  50  6:23  Overlord x3  
  50  6:24  Overlord  
  52  6:39  Zerg Missile Weapons Level 1  
  52  6:42  Overlord x3  
  52  6:44  Roach x2  
  56  6:54  Drone x4  
  57  6:58  Spore Crawler  
  59  7:11  Drone  
  59  7:13  Drone  
  59  7:15  Roach x3  
  67  7:26  Roach  
  67  7:27  Roach x2  
  73  7:37  Overlord x2  
  73  7:38  Overlord  
  73  7:46  Overseer x2, Hatchery  
  73  7:50  Drone  
  73  7:51  Drone x3  
  74  7:52  Drone  
  74  7:53  Extractor  
  74  7:55  Roach x2  
  80  8:07  Roach  
  80  8:08  Roach x2  
  86  8:17  Roach  
  86  8:18  Roach  
  87  8:27  Roach  
  87  8:28  Roach  
  91  8:40  Roach x2  
  91  8:41  Roach  
  95  8:50  Roach  
  95  8:51  Roach x3  
  95  8:55  Roach  
  71  9:15  Hydralisk Den  
  71  9:16  Drone x4  
  71  9:17  Drone x2  
  75  9:20  Extractor  
  75  9:21  Drone  
  75  9:22  Drone x4  
  75  9:24  Spore Crawler  
  79  9:26  Spore Crawler  
  79  9:29  Spore Crawler  
  77  9:42  Spore Crawler  
  77  9:43  Hydralisk x6  
  88  9:54  Drone x4  
  88  9:55  Drone x2  
  88  9:57  Extractor  
  89  10:09  Hydralisk  
  89  10:10  Hydralisk x4  
  89  10:30  Hydralisk x4  
  93  10:43  Roach  
  93  10:44  Roach x6  
  107  10:53  Hydralisk  
  107  10:54  Hydralisk  
  107  10:56  Roach  
  107  10:58  Queen  
  107  11:06  Spore Crawler x2  
  105  11:15  Overseer x2  
  99  11:36  Overlord x3  
  93  11:50  Queen  
  89  11:55  Hydralisk x3  
  89  11:56  Roach x3  
  94  12:07  Roach x2  
  83  12:19  Hydralisk  
  83  12:22  Hydralisk  
  85  12:26  Pneumatized Carapace  
  85  12:37  Overlord  
  85  12:38  Overlord  
Show
View Real Time Build Order
Export as new Build Order

Joegurr Terran 

Build Orders:  

Get SALT Encoding   

  12  0:15  SCV  
  12  0:16  Supply Depot  
  13  0:37  SCV  
  14  0:45  Barracks  
  14  0:49  SCV  
  15  1:01  SCV  
  16  1:21  Refinery, SCV  
  17  1:33  Supply Depot, SCV  
  18  1:45  SCV  
  19  1:56  Supply Depot  
  19  2:01  SCV  
  20  2:13  SCV  
  21  2:18  Reaper  
  22  2:37  Command Center  
  22  2:58  Refinery  
  22  3:21  Barracks  
  22  3:30  SCV  
  22  3:32  Barracks Reactor  
  22  3:50  SCV  
  22  3:55  SCV  
  24  4:03  SCV  
  24  4:07  SCV  
  26  4:10  Barracks  
  26  4:13  Barracks Reactor  
  26  4:15  Marine x2, SCV  
  29  4:19  SCV  
  30  4:31  SCV  
  31  4:33  Marine x2  
  33  4:43  SCV  
  34  4:51  Marine x3  
  34  4:52  Marine  
  38  4:55  SCV  
  38  4:59  Supply Depot  
  39  5:06  Barracks Tech Lab  
  39  5:07  SCV  
  39  5:08  Marine  
  39  5:09  Marine x3  
  44  5:22  Supply Depot  
  44  5:26  Marine x2  
  44  5:27  Marine x2, Marauder  
  50  5:29  SCV  
  50  5:34  Refinery  
  51  5:38  Refinery  
  51  5:41  SCV  
  52  5:44  Marine x2, Supply Depot  
  52  5:45  Marine x2  
  52  5:48  Marauder  
  58  5:53  SCV  
  51  6:02  Marine x2  
  51  6:03  Marine x2  
  55  6:05  SCV  
  55  6:07  Supply Depot  
  55  6:10  Marauder  
  56  6:17  SCV  
  51  6:31  Marauder  
  53  6:51  Marine x4  
  53  6:52  Marauder  
  59  7:03  SCV  
  60  7:09  Marine x4  
  60  7:14  Marauder  
  60  7:15  Supply Depot, SCV  
  67  7:23  Engineering Bay  
  67  7:26  Marine  
  67  7:27  Marine, SCV  
  70  7:35  Marauder  
  72  7:38  Marine  
  72  7:39  Marine, SCV  
  75  7:44  Marine x2  
  75  7:50  Factory  
  77  7:51  Terran Infantry Weapons Level 1  
  77  7:52  SCV  
  77  7:56  Marine x2, Marauder  
  82  8:02  Marine x2, Supply Depot  
  82  8:04  SCV  
  85  8:14  Marine x2  
  85  8:16  SCV  
  85  8:18  Marauder  
  90  8:20  Marine  
  91  8:28  SCV  
  92  8:39  Marauder, Factory Tech Lab  
  92  8:40  SCV  
  95  8:46  Starport  
  67  9:01  Marauder  
  67  9:02  Command Center  
  53  9:23  Marine  
  53  9:24  Marine x4  
  52  9:28  Starport Reactor  
  55  9:34  Starport  
  55  9:38  Supply Depot  
  55  9:41  Marine x2  
  55  9:42  Marine x3  
  55  9:44  SCV  
  61  9:45  Terran Infantry Armor Level 1  
  61  9:56  SCV  
  61  9:59  Marine x3  
  63  10:00  Marine, Marauder  
  67  10:08  SCV  
  68  10:17  Marine x3  
  63  10:22  Marauder  
  37  10:43  Marauder  
  31  10:54  Viking x2  
  31  10:58  Starport Tech Lab  
  31  11:05  Marauder  
  23  12:23  Marine  
  23  12:24  Marine  
  21  12:41  Marine x2  
Show
View Real Time Build Order
Export as new Build Order

Faust Zerg - Winner!

Build Orders: Hatch First, Muta Ling Bane 

Get SALT Encoding   

  12  0:02  Drone  
  13  0:11  Drone  
  14  0:15  Extractor  
  14  0:18  Drone  
  15  0:22  Overlord  
  15  0:41  Drone x2  
  17  0:57  Hatchery  
  17  0:58  Drone  
  17  1:13  Spawning Pool  
  17  1:14  Drone  
  17  1:17  Drone  
  18  1:20  Extractor, Drone  
  18  1:29  Drone  
  19  1:42  Overlord  
  19  2:01  Queen  
  19  2:02  Zergling x2  
  19  2:03  Zergling x2  
  23  2:09  Zergling x2, Queen  
  26  2:20  Metabolic Boost  
  26  2:25  Zergling x2  
  26  2:26  Drone x2  
  29  2:41  Baneling Nest  
  28  2:45  Drone x4  
  32  2:58  Drone x2  
  34  3:07  Zergling x2  
  34  3:08  Zergling x2  
  36  3:15  Overlord  
  36  3:32  Queen x2  
  40  3:39  Drone x4  
  44  3:48  Extractor, Overlord  
  43  3:49  Overlord  
  43  3:55  Drone  
  44  4:09  Drone x2  
  46  4:10  Drone x4  
  46  4:16  Lair  
  50  4:30  Hatchery  
  46  4:35  Zergling x6  
  46  4:36  Zergling x12  
  52  4:39  Spine Crawler  
  51  4:55  Baneling x2  
  51  4:58  Baneling  
  51  4:59  Baneling  
  51  5:10  Baneling x2  
  51  5:12  Drone x8  
  55  5:40  Drone x2  
  55  5:42  Extractor, Drone x3  
  59  5:43  Drone x3  
  59  5:44  Extractor  
  59  5:45  Drone  
  59  5:46  Queen  
  64  5:56  Zergling x8  
  64  5:57  Zergling x2  
  65  6:06  Overlord x2  
  64  6:26  Drone  
  64  6:27  Drone x9  
  64  6:30  Extractor  
  73  6:33  Extractor  
  73  6:34  Extractor  
  71  6:41  Drone  
  71  6:42  Drone  
  71  6:44  Spire  
  71  6:46  Drone x2  
  75  6:47  Drone x2  
  75  6:48  Drone x2  
  75  6:50  Spore Crawler  
  75  6:51  Spine Crawler  
  76  7:02  Drone x2  
  76  7:03  Drone, Overlord x3  
  79  7:10  Hatchery  
  79  7:15  Spine Crawler  
  77  7:19  Baneling  
  77  7:20  Baneling  
  77  7:23  Overlord x2  
  77  7:34  Drone x2  
  77  7:35  Drone x3  
  77  7:36  Drone  
  84  7:37  Drone x4  
  84  7:38  Drone x3  
  90  7:50  Extractor  
  89  7:57  Zerg Flyer Weapons Level 1, Mutalisk x5  
  89  7:58  Mutalisk x5  
  109  8:15  Mutalisk  
  109  8:16  Mutalisk x4  
  116  8:30  Zergling x4  
  116  8:31  Zergling x12  
  120  9:00  Mutalisk x4  
  128  9:17  Overlord x5  
  128  9:18  Overlord x5  
  128  9:36  Centrifical Hooks  
  128  9:47  Evolution Chamber  
  128  9:49  Infestation Pit  
  128  9:52  Evolution Chamber  
  125  9:57  Spire  
  113  10:17  Mutalisk  
  113  10:18  Mutalisk x16  
  147  10:25  Drone  
  147  10:26  Drone x10  
  147  11:07  Mutalisk  
  147  11:08  Mutalisk x9  
  167  11:15  Zerg Melee Weapons Level 1  
  167  11:26  Hive  
  167  11:32  Overlord  
  167  11:38  Zergling x2  
  167  11:39  Zergling x14  
  164  12:51  Zergling x2  
  164  12:52  Zergling x18  
Show
View Real Time Build Order
Export as new Build Order

Throwfordays Protoss - Winner!

Build Orders: Zealot Archon 

Get SALT Encoding   

  12  0:01  Probe  
  13  0:13  Probe  
  14  0:20  Pylon  
  14  0:25  Probe  
  15  0:39  Gateway  
  15  0:49  Assimilator, Probe  
  15  0:51  Pylon  
  16  0:57  Probe  
  17  1:05  Probe  
  18  1:15  Assimilator  
  18  1:18  Probe  
  19  1:27  Cybernetics Core  
  19  1:30  Probe  
  20  1:42  Probe  
  21  1:49  Warp Gate  
  21  1:55  Probe  
  22  2:05  Nexus  
  22  2:07  Probe  
  23  2:16  Adept  
  25  2:36  Probe  
  26  2:48  Twilight Council, Probe  
  26  2:49  Adept  
  29  3:00  Probe  
  30  3:12  Probe  
  31  3:17  Probe  
  32  3:20  Assimilator  
  32  3:22  Assimilator  
  32  3:24  Probe  
  33  3:29  Probe  
  33  3:33  Charge  
  34  3:36  Probe  
  35  3:41  Probe  
  35  3:44  Adept  
  38  3:49  Probe  
  38  3:53  Probe  
  40  3:59  Gateway  
  40  4:01  Gateway, Probe  
  41  4:04  Templar Archives  
  41  4:05  Probe  
  41  4:07  Gateway  
  40  5:01  Psionic Storm  
  36  5:09  Adept x3  
  36  5:10  High Templar  
  44  5:18  Probe  
  44  5:20  Probe  
  46  5:30  Forge  
  46  5:34  Dark Shrine  
  46  5:35  Pylon  
  46  5:44  Pylon  
  46  5:46  Pylon  
  46  5:49  Pylon  
  46  5:53  Probe x2  
  46  5:56  Pylon  
  48  5:58  Pylon  
  48  6:00  Pylon  
  48  6:05  Probe x2  
  50  6:18  Probe  
  51  6:25  High Templar x4  
  57  6:30  Probe  
  60  6:38  Gateway x2  
  60  6:41  Gateway  
  60  6:43  Gateway  
  60  6:49  Protoss Ground Weapons Level 1  
  60  6:54  Nexus  
  60  6:57  Pylon  
  60  7:01  Assimilator  
  60  7:09  Probe  
  60  7:13  Robotics Facility, Probe  
  62  7:23  Assimilator  
  62  7:24  Probe  
  62  7:25  Probe  
  64  7:36  Probe  
  65  7:37  High Templar, Probe  
  65  7:38  High Templar x2  
  65  7:39  High Templar x2  
  65  7:40  High Templar  
  78  7:48  Probe  
  78  7:50  Probe  
  80  7:52  Archon x3  
  80  7:53  Archon x2  
  80  8:00  Probe, Warp Prism  
  80  8:02  Probe  
  80  8:03  High Templar  
  80  8:04  Dark Templar  
  88  8:13  Dark Templar, Probe  
  88  8:14  Probe  
  88  8:16  Probe  
  93  8:27  High Templar  
  93  8:28  Probe  
  93  8:29  Zealot x4  
  104  8:40  Probe  
  105  8:53  Probe  
  98  9:05  Probe  
  99  9:11  Zealot  
  99  9:12  Zealot x7  
  115  9:57  Nexus  
  115  9:59  Pylon  
  115  10:02  Assimilator  
  115  10:07  Assimilator  
  115  10:11  Dark Templar  
  115  10:12  Dark Templar x3  
  123  11:30  Probe  
  124  11:42  Probe  
  124  11:43  Probe  
  122  11:54  Probe  
  122  11:55  Probe  
  124  12:05  Zealot x6  
  124  12:06  Zealot x2, Probe  
  124  12:08  Probe  
  142  12:18  Probe  
  142  12:20  Probe  
  144  12:26  High Templar x2  
  148  12:36  Pylon  
  148  12:38  Pylon  
  148  12:39  Pylon  
  148  12:41  Pylon  
  148  12:43  Pylon  
  148  12:54  Probe x2  
Tags
 
Add a new tag
Caveats
  • Supply blocks, unpowered buildings, or Contaminate may cause inaccurate times.
  • Supply counts are checked every 10 seconds.